 Dungeon Crawl Stone Soup version 0.27-a0-1232-gc6a4cbde82 (webtiles) character file.

Game seed: 4783005298056105043

1041 deadmanwalking the Thaumaturge (level 8, -1/41 HPs)
             Began as a Deep Elf Hedge Wizard on June 8, 2021.
             Was an Initiate of Sif Muna.
             Slain by a yak (14 damage)
             ... on level 4 of the Dungeon.
             The game lasted 00:16:44 (6568 turns).

deadmanwalking the Thaumaturge (DEWz)               Turns: 6568, Time: 00:16:45

Health: -1/41      AC:  5    Str:  7    XL:     8   Next: 4%
Magic:  4/22       EV: 12    Int: 22    God:    Sif Muna [......]
Gold:   230        SH:  0    Dex: 14    Spells: 10/23 levels left

rFire    + . .     SeeInvis .   a - +1 dagger (venom)
rCold    + . .     Faith    .   (no shield)
rNeg     . . .     Spirit   .   b - +0 robe
rPois    +         Reflect  .   k - +0 helmet
rElec    +         Harm     .   l - +0 cloak
rCorr    +         Rampage  .   p - +0 pair of gloves
Will     .....                  (no boots)
Stlth    ++........             (no amulet)
HPRegen  0.13/turn              (no ring)
MPRegen  0.18/turn              (no ring)

@: brilliant, resistant, very slightly contaminated
A: no striking features
a: Renounce Religion


You were on level 4 of the Dungeon.
You worshipped Sif Muna.
Sif Muna was noncommittal.
You visited 1 branch of the dungeon, and saw 5 of its levels.

You collected 230 gold pieces.

Inventory:

Hand Weapons
 a - a +1 dagger of venom (weapon)
 e - a +0 spectral dagger
Missiles
 g - 189 stones
 j - 30 sling bullets
 m - 62 arrows
 q - 15 bolts
Armour
 b - a +0 robe (worn)
 k - a +0 helmet (worn)
 l - a +0 cloak (worn)
 p - a +0 pair of gloves (worn)
Magical Staves
 r - a staff of conjuration
 t - a staff of cold
Jewellery
 n - a ring of protection from fire
Scrolls
 f - 3 scrolls of teleportation
 s - 2 scrolls of summoning
Potions
 d - a potion of cancellation
 h - a potion of lignification


   Skills:
 - Level 2.4 Dodging
 - Level 2.4 Stealth
 + Level 8.1 Spellcasting
 - Level 5.0 Conjurations
 - Level 2.0 Hexes
 - Level 2.0 Summonings
 - Level 2.0 Translocations
 + Level 2.2 Fire Magic
 + Level 3.3 Air Magic
 + Level 3.5 Invocations


You had 10 spell levels left.
You knew the following spells:

 Your Spells              Type           Power      Damage    Failure   Level
a - Magic Dart            Conj           100%       1d8       1%          1
b - Blink                 Tloc           N/A        N/A       4%          2
c - Call Imp              Summ           26%        N/A       4%          2
d - Slow                  Hex            26%        N/A       4%          2
e - Conjure Flame         Conj/Fire      37%        6-21      4%          3
f - Mephitic Cloud        Conj/Pois/Air  31%        N/A       7%          3

Your spell library contained the following spells:

 Spells                   Type           Power      Damage    Failure   Level
 Corona                   Hex            28%        N/A       3%          1
 Inner Flame              Hex/Fire       27%        N/A       10%         3
 Portal Projectile        Hex/Tloc       52%        N/A       10%         3
 Cause Fear               Hex            13%        N/A       32%         4
 Leda's Liquefaction      Hex/Erth       10%        N/A       43%         4


Dungeon Overview and Level Annotations

Branches:
Dungeon (5/15)
 Temple: D:4-7

Altars:
Sif Muna

Shops:
D:1 (   D:4 *


Message History

Something gores your crimson imp!
Your crimson imp dies!
The yak gores you!
There is a stone staircase leading up, spattered with blood here.
Your iron imp disappears in a puff of smoke!
The yak gores you.
You climb upwards.
There is a stone staircase leading down here.
Casting: Blink (safe; 4% risk of failure)
Confirm with . or Enter, or press ? or * to list all spells.
You blink.
Casting: Blink (safe; 4% risk of failure)
Confirm with . or Enter, or press ? or * to list all spells.
A beastly little devil appears in a puff of flame.
Casting: Call Imp (safe; 4% risk of failure)
Confirm with . or Enter, or press ? or * to list all spells.
You blink.
Casting: Blink (safe; 4% risk of failure)
Confirm with . or Enter, or press ? or * to list all spells.
You miscast Call Imp.
You are very lightly contaminated with residual magic.
Nothing appears to happen.
Your crimson imp blinks!
Casting: Call Imp (safe; 4% risk of failure)
Confirm with . or Enter, or press ? or * to list all spells.
A beastly little devil appears in a puff of flame.
The yak gores you!
* * * LOW HITPOINT WARNING * * *
Your crimson imp barely misses the yak.
It was a potion of brilliance.
You feel clever all of a sudden.
Your crimson imp blinks!
The yak gores you but does no damage.
Your crimson imp hits the yak.
It was a potion of resistance.
You feel protected.
Your crimson imp blinks!
The yak gores you but does no damage.
Your crimson imp hits the yak but does no damage.
You feel better. The yak gores you!
You die...

#...#.....# #.............
#...#.....# #(............
#...#.ยง...# ###.#.........
#...#.....# #.#.[.......
#...#.....######.####.#.###
#####....>.......# #.#.# #
#.....5####### #.#.###
###...Y..# #....#. #...@5.#
#...... #......# #....##
#......# #....## #......#
#.#.### #......# #.#.#
#......# #.#.# #......#
#.#.# #......# #.#.#
#......# #.#.#


You could see a yak (ally target) and 2 friendly crimson imps.

Vanquished Creatures
  A yak (D:4)
  A sky beast (D:5)
  A black bear (D:5)
  A centaur (D:4)
  A scorpion (D:4)
  A water moccasin skeleton (D:5)
  A howler monkey (D:4)
  A bullfrog zombie (D:5)
  An orc priest (D:3)
  2 hounds
  3 iguanas
  Robin (D:3)
  2 adders
  2 gnolls (D:3)
  An ufetubus (D:4)
  An adder skeleton (D:4)
  A worm (D:3)
  A dart slug (D:5)
  5 orcs
  4 ball pythons
  4 endoplasms
  2 giant cockroaches
  15 goblins
  6 hobgoblins
  2 jackals (D:1)
  4 quokkas
  4 bats
  3 frilled lizards
  8 kobolds
  A quokka skeleton (D:4)
  6 rats
87 creatures vanquished.

Vanquished Creatures (collateral kills)
  2 yaks (D:5)
  A gnoll (D:2)
3 creatures vanquished.

Grand Total: 90 creatures vanquished

Notes
Turn   | Place    | Note
-------+----------+-------------------------------------------
     0 | D:1      | deadmanwalking the Deep Elf Hedge Wizard began the quest
                  | for the Orb.
     0 | D:1      | Reached XP level 1. HP: 10/10 MP: 7/7
   101 | D:1      | Found a faded altar of an unknown god.
   308 | D:1      | Reached XP level 2. HP: 15/15 MP: 6/9
   311 | D:1      | Learned a level 2 spell: Blink
   314 | D:1      | Learned a level 2 spell: Call Imp
   317 | D:1      | Learned a level 2 spell: Slow
   513 | D:1      | Found Bucsat's Weapon Shop.
   904 | D:2      | Reached skill level 5 in Spellcasting
  1670 | D:2      | Reached XP level 3. HP: 19/19 MP: 4/11
  1974 | D:2      | Learned a level 3 spell: Conjure Flame
  2609 | D:3      | Reached XP level 4. HP: 15/24 MP: 1/13
  3127 | D:3      | Noticed Robin
  3220 | D:3      | Killed Robin
  3223 | D:3      | Reached skill level 6 in Spellcasting
  3379 | D:2      | Reached XP level 5. HP: 9/28 MP: 3/15
  3383 | D:2      | Learned a level 3 spell: Mephitic Cloud
  4195 | D:4      | Noticed a centaur
  4215 | D:4      | Killed a centaur
  4216 | D:4      | Reached skill level 1 in Hexes
  4790 | D:4      | Found Uryeso's General Store.
  4818 | D:4      | Reached XP level 6. HP: 28/32 MP: 8/17
  4888 | D:4      | Reached skill level 1 in Air Magic
  4978 | D:4      | Found a shimmering blue altar of Sif Muna.
  4983 | D:4      | Became a worshipper of Sif Muna the Loreminder
  5180 | D:4      | Reached skill level 7 in Spellcasting
  5450 | D:5      | Entered Level 5 of the Dungeon
  5462 | D:5      | Reached skill level 1 in Invocations
  5659 | D:5      | Noticed a sky beast
  5682 | D:5      | Killed a sky beast
  5683 | D:5      | Reached XP level 7. HP: 29/36 MP: 4/19
  5817 | D:5      | Reached skill level 5 in Conjurations
  6114 | D:5      | Noticed a yak
  6114 | D:5      | Noticed a yak
  6149 | D:5      | Killed a yak
  6150 | D:5      | Reached skill level 1 in Fire Magic
  6381 | D:5      | Noticed a yak
  6381 | D:5      | Noticed a yak
  6424 | D:4      | Killed a yak
  6425 | D:4      | Reached skill level 8 in Spellcasting
  6548 | D:5      | Noticed a yak
  6548 | D:5      | Noticed a yak
  6549 | D:5      | Killed a yak
  6550 | D:5      | Reached XP level 8. HP: 31/41 MP: 11/22
  6568 | D:4      | Slain by a yak

Illustrated notes

Levels and vault maps discovered:
D:1:      minmay_arrival_split_and_join, layout_basic, basic_ecumenical_altar,
          serial_shops, nicolae_shop_temple_entry_statues_fountains,
          minmay_misc_feat_pillars
D:2:      layout_basic
D:3:      layout_basic, serial_glass, glass_columns_c, glass_columns_b,
          minmay_strange_pillars, due_unseen_surprise, feat_on_display,
          minmay_misc_feat_more_columns, hangedman_glass_teeth,
          minmay_misc_feat_plants, hangedman_decor_push, uniq_robin
D:4:      layout_basic, marbit_many_paths, serial_shops,
          nicolae_shop_temple_entry_statues_fountains
D:5:      layout_rooms

Skill      XL: |  1  2  3  4  5  6  7 |
---------------+----------------------+-----
Conjurations   | 2 3 4 5 |  5.0
Spellcasting   | 5 6 7 8 |  8.1
Translocations | 2 |  2.0
Summonings     | 2 |  2.0
Hexes          | 2 |  2.0
Air Magic      | 2 3 |  3.3
Invocations    | 1 3 |  3.5
Fire Magic     | 2 |  2.2
Dodging        | |  2.4
Stealth        | |  2.4

Action                   |  1- 3 |  4- 6 |  7- 9 || total
-------------------------+-------+-------+-------++-------
Melee: Dagger            |       |     8 |     1 ||     9
 Cast: Magic Dart        |   115 |   155 |    36 ||   306
       Call Imp          |       |     5 |    12 ||    17
       Blink             |       |     2 |     7 ||     9
       Slow              |       |       |     1 ||     1
       Mephitic Cloud    |       |       |     1 ||     1
  Use: Potion            |     2 |     1 |     3 ||     6
       Scroll            |       |     6 |     1 ||     7
Armor: Robe              |     2 |    15 |     7 ||    24
       Skin              |       |     2 |       ||     2
Dodge: Dodged            |    10 |    54 |    14 ||    78

Table legend: (Time is in decaauts)
 A = Elapsed time spent in this place.
 B = Non-inter-level travel time spent in this place.
 C = Inter-level travel time spent in this place.
 D = Time resting spent in this place.
 E = Time spent auto-exploring this place.
 F = Levels seen in this place.
 G = Mean time per level.
                   A        B        C        D        E       F      G
               +--------+--------+--------+--------+--------+-----+--------+
         Total |   6577 |   6199 |    378 |     75 |   5307 |   5 | 1315.4 |
       Dungeon |   6577 |   6199 |    378 |     75 |   5307 |   5 | 1315.4 |
               +--------+--------+--------+--------+--------+-----+--------+

Top non-repeatable levels by time:
     D:3: 1786 daAuts
     D:4: 1543 daAuts
     D:2: 1300 daAuts
     D:1: 1015 daAuts
     D:5: 931 daAuts
